 Dungeon Sprint DCSS version 0.21.1-1-g345015f (webtiles) character file.

6692 Fang the Severer (level 10, -1/111 HPs)
             Began as a Minotaur Berserker on May 22, 2018.
             Was the Champion of Trog.
             Slain by Sonja
             ... wielding a +2 short sword of distortion
              (4 damage)
             ... in the Dungeon (Sprint IX: "|||||||||||||||||||||||||||||").
             The game lasted 00:03:38 (1667 turns).

Fang the Severer (Minotaur Berserker)               Turns: 1667, Time: 00:03:39

Health: -1/111     AC:  2    Str: 28    XL:     10   Next: 74%
Magic:  3/3        EV: 16    Int:  7    God:    Trog [******]
Gold:   10         SH:  0    Dex: 10    Spells: 9/9 levels left

rFire    . . .     SeeInvis .   x - +2 executioner's axe (antimagic)
rCold    . . .     Gourm    .   (shield currently unavailable)
rNeg     . . .     Faith    .   b - +0 animal skin
rPois    .         Spirit   .   (helmet restricted)
rElec    .         Reflect  .   (no cloak)
rCorr    .         Harm     .   (no gloves)
MR       .....     NoTele   +   (no boots)
Stlth    ++........             (no amulet)
HPRegen  0.28/turn              p - +3 ring of intelligence
MPRegen  0.08/turn              o - +3 ring of strength

@: lethally poisoned (-1 -> -22), berserk cooldown, slowed, very slow
A: retaliatory headbutt, horns 2
a: Berserk, Trog's Hand, Brothers in Arms, Burn Spellbooks, Renounce Religion


You were in the Dungeon.
You worshipped Trog.
Trog was exalted by your worship.
You were very hungry.

You visited 1 branch You collected 10 gold pieces.

Inventory:

Hand Weapons
 a - a +3 battleaxe of chopping
 v - a +0 battleaxe of flaming
 w - a +4 executioner's axe of venom
 x - a +2 antimagic executioner's axe (weapon)
Missiles
 j - 4 poisoned javelins (quivered)
Armour
 b - a +0 animal skin (worn)
Jewellery
 o - a +3 ring of strength (right hand)
 p - a +3 ring of intelligence (left hand)
Wands
 m - a wand of iceblast (10)
Scrolls
 i - 3 scrolls of blinking
 l - 3 scrolls of remove curse
 s - 2 scrolls of enchant weapon
 t - 5 scrolls of enchant armour
 u - a scroll of identify
Potions
 d - 5 potions of curing
 e - 5 potions of heal wounds
 f - a potion of haste
 g - 4 potions of magic
 h - 2 potions of berserk rage
 k - a potion of invisibility
 q - 3 potions of agility
 r - a potion of resistance
Comestibles
 c - 11 rations


   Skills:
 + Level 17.3 Fighting
 + Level 19.4 Axes
 + Level 8.2 Armour
 + Level 10.0 Dodging
 + Level 4.3 Stealth


You had 9 spell levels left.
You didn't know any spells.

Dungeon Overview and Level Annotations

Branches:
Dungeon (1/1)

Altars:
Cheibriados
Dithmenos
Elyvilon
Fedhas
Gozag
Hepliaklqana
Kikubaaqudgha
Makhleb
Nemelex Xobeh
Okawaru
Qazlal
Ru
Sif Muna
Trog
Uskayaw
Vehumet
Wu Jian
Xom
Yredelemnul
Zin
The Shining One
Beogh
Jiyva
Lugonu

Annotations:
D Sonja


Innate Abilities, Weirdness & Mutations

You reflexively headbutt those who attack you in melee.
You have a pair of horns on your head.


Message History

Sonja misses you.
Sonja hits you with an uncursed short sword of distortion.
Space warps horribly around you!
* * * LOW HITPOINT WARNING * * *
You miss Sonja. Your headbutt misses Sonja.
Sonja is severely wounded.
* * * LOW HITPOINT WARNING * * *
You feel very sick. Sonja closely misses you.
Sonja hits you but does no damage. Space bends around you.
* * * LOW HITPOINT WARNING * * *
Sonja completely misses you.
Sonja hits you with an uncursed short sword of distortion!
* * * LOW HITPOINT WARNING * * *
Sonja hits you but does no damage. Space bends around you.
* * * LOW HITPOINT WARNING * * *
Sonja hits you with an uncursed short sword of distortion.
* * * LOW HITPOINT WARNING * * *
Space bends around you.
You die...

▓.▓.▓_▓
▓.▓.▓.▓_▓
▓.▓.▓.▓_▓
▓.▓'▓.▓_▓
▓.▓†▓.▓_▓
▓.▓.▓.▓_▓
▓.▓%▓.▓_▓
▓K▓.▓.▓_▓
▓@▓.▓.▓_▓
▓.▓.▓.▓_▓
▓(▓.▓.▓_▓
▓(▓.▓.▓_▓
▓.▓.▓.▓_▓
▓(▓'▓.▓'▓
▓.▓÷▓.▓.▓
▓.▓÷▓.▓?▓
▓.▓.▓.▓|▓


You could see Sonja.

Vanquished Creatures
  Josephine (D)
  A hydra (D)
  A centaur warrior (D)
  A spiny frog (D)
  A black mamba (D)
  5 polar bears (D)
  A blink frog (D)
  A dream sheep (D)
  A vampire (D)
  A yak (D)
  3 wraiths (D)
  A hungry ghost (D)
  5 water moccasins (D)
  3 porcupines (D)
  3 black bears (D)
  A phantom (D)
  2 crocodiles (D)
  4 bullfrogs (D)
  A scorpion (D)
  A howler monkey (D)
  A hound (D)
  2 iguanas (D)
  An adder skeleton (D)
  An adder zombie (D)
  A leopard gecko (D)
  2 orcs (D)
  A hobgoblin (D)
  A ball python skeleton (D)
  A frilled lizard (D)
  A kobold (D)
  2 rats (D)
52 creatures vanquished.

Notes
Turn   | Place    | Note
-------+----------+-------------------------------------------
     0 | D        | Fang the Minotaur Berserker began the quest for the Orb.
     0 | D        | Reached XP level 1. HP: 19/19 MP: 0/0
     5 | D        | Reached skill level 4 in Axes
    10 | D        | Reached ** piety under Trog
   225 | D        | Noticed an iguana
   225 | D        | Noticed a hound
   225 | D        | Noticed a howler monkey
   227 | D        | Killed an iguana
   227 | D        | Reached skill level 5 in Fighting
   227 | D        | Reached skill level 6 in Axes
   227 | D        | Reached XP level 2. HP: 30/30 MP: 1/1
   227 | D        | Reached XP level 3. HP: 37/37 MP: 2/2
   231 | D        | Reached *** piety under Trog
   234 | D        | Reached skill level 7 in Axes
   234 | D        | Reached XP level 4. HP: 47/47 MP: 3/3
   299 | D        | Found a roughly hewn altar of Beogh.
   299 | D        | Found a snail-covered altar of Cheibriados.
   299 | D        | Found a shadowy altar of Dithmenos.
   299 | D        | Found a white marble altar of Elyvilon.
   299 | D        | Found a blossoming altar of Fedhas.
   299 | D        | Found an opulent altar of Gozag.
   300 | D        | Found a hazy altar of Hepliaklqana.
   301 | D        | Found a viscous altar of Jiyva.
   302 | D        | Found an ancient bone altar of Kikubaaqudgha.
   303 | D        | Found a corrupted altar of Lugonu.
   304 | D        | Found a burning altar of Makhleb.
   305 | D        | Found a sparkling altar of Nemelex Xobeh.
   306 | D        | Found an iron altar of Okawaru.
   307 | D        | Found a stormy altar of Qazlal.
   308 | D        | Found a sacrificial altar of Ru.
   309 | D        | Found a deep blue altar of Sif Muna.
   310 | D        | Found a bloodstained altar of Trog.
   311 | D        | Found a hide-covered altar of Uskayaw.
   312 | D        | Found a radiant altar of Vehumet.
   313 | D        | Found an ornate altar of the Wu Jian Council.
   314 | D        | Found a shimmering altar of Xom.
   315 | D        | Found a basalt altar of Yredelemnul.
   316 | D        | Found a glowing silver altar of Zin.
   317 | D        | Found a glowing golden altar of the Shining One.
   357 | D        | Noticed a hungry ghost
   357 | D        | Noticed a bullfrog
   362 | D        | Killed a hungry ghost
   362 | D        | Reached **** piety under Trog
   362 | D        | Reached skill level 9 in Axes
   362 | D        | Reached skill level 5 in Armour
   362 | D        | Reached XP level 5. HP: 57/57 MP: 4/4
   364 | D        | Reached skill level 1 in Stealth
   365 | D        | Reached skill level 10 in Fighting
   365 | D        | Reached skill level 10 in Axes
   365 | D        | Reached skill level 5 in Dodging
   365 | D        | Reached XP level 6. HP: 66/66 MP: 5/5
   368 | D        | Reached ***** piety under Trog
   371 | D        | Reached skill level 11 in Axes
   407 | D        | Noticed a centaur warrior
   407 | D        | Noticed a water moccasin
   407 | D        | Noticed a vampire
   413 | D        | Killed a centaur warrior
   413 | D        | Reached skill level 13 in Axes
   413 | D        | Reached XP level 7. HP: 78/78 MP: 6/6
   413 | D        | Reached XP level 8. HP: 85/85 MP: 7/7
   426 | D        | Reached skill level 14 in Axes
   428 | D        | Received a gift from Trog
   634 | D        | Noticed a black mamba
   634 | D        | Noticed a seven-headed hydra
   642 | D        | Killed a nine-headed hydra
   642 | D        | Reached skill level 15 in Axes
   642 | D        | Reached XP level 9. HP: 96/96 MP: 8/8
   643 | D        | Killed a black mamba
   643 | D        | Received a gift from Trog
   643 | D        | Reached skill level 15 in Fighting
   649 | D        | Reached ****** piety under Trog
   651 | D        | Reached skill level 16 in Axes
   660 | D        | Received a gift from Trog
  1019 | D        | Noticed a spiny frog
  1026 | D        | Reached skill level 17 in Axes
  1028 | D        | Killed a spiny frog
  1028 | D        | Received a gift from Trog
  1028 | D        | Reached XP level 10. HP: 107/107 MP: 9/9
  1124 | D        | Reached skill level 18 in Axes
  1350 | D        | Received a gift from Trog
  1388 | D        | Noticed Josephine
  1399 | D        | Killed Josephine
  1399 | D        | Reached skill level 19 in Axes
  1401 | D        | Reached skill level 10 in Dodging
  1659 | D        | Noticed Sonja
  1667 | D        | HP: 5/111 [Sonja/uncursed short sword of distortion (3)]
  1667 | D        | Slain by Sonja

Skill      XL: |  1  2  3  4  5  6  7  8  9 10 |
---------------+-------------------------------+-----
Axes           | 6 7 9 10 13 15 17 19 | 19.4
Fighting       | 5 7 9 10 12 14 16 17 | 17.3
Armour         | 3 4 5 6 7 8 |  8.2
Dodging        | 3 4 5 6 8 9 10 | 10.0
Stealth        | 1 2 3 4 |  4.3

Action                   |  1- 3 |  4- 6 |  7- 9 | 10-12 || total
-------------------------+-------+-------+-------+-------++-------
Melee: Hand axe          |    17 |     2 |       |       ||    19
       Headbutt          |     2 |     3 |    10 |    10 ||    25
       Broad axe         |       |    16 |    33 |       ||    49
       Battleaxe         |       |       |    11 |     4 ||    15
       Executioner's axe |       |       |       |    36 ||    36
Invok: Berserk           |     1 |     2 |     2 |     2 ||     7
  Eat: Chunk             |       |     2 |       |     4 ||     6
       Ration            |       |       |     1 |       ||     1
Armor: Animal skin       |       |     1 |     1 |     2 ||     4
Dodge: Dodged            |     5 |     7 |    19 |    33 ||    64
